 Dungeon Crawl Stone Soup version 0.25.1-2-g60ff931df9 (webtiles) character file.

Game seed: 18310635576454127754

37 hawla the Firebug (level 3, -2/26 HPs)
             Began as a Draconian Fire Elementalist on Oct 15, 2020.
             Succumbed to a hobgoblin's poison
             ... on level 2 of the Dungeon.
             The game lasted 00:07:37 (1899 turns).

hawla the Firebug (Draconian Fire Elementalist)     Turns: 1899, Time: 00:07:38

Health: -2/26      AC:  5    Str: 11    XL:     3   Next: 21%
Magic:  5/6        EV: 12    Int: 15    God:
Gold:   25         SH:  0    Dex: 11    Spells: 5/6 levels left

rFire    . . .     SeeInvis .   (no weapon)
rCold    . . .     Gourm    .   (no shield)
rNeg     . . .     Faith    .   (armour unavailable)
rPois    .         Spirit   .   (helmet restricted)
rElec    .         Reflect  .   (no cloak)
rCorr    .         Harm     .   (no gloves)
MR       .....                  (no boots)
Stlth    ++........             (no amulet)
HPRegen  0.08/turn              (no ring)
MPRegen  0.10/turn              (no ring)

@: lethally poisoned (-2 -> -34)
A: unfitting armour, cold-blooded, AC +5
a: no special abilities


You were on level 2 of the Dungeon.
You were hungry.

You visited 1 branch of the dungeon, and saw 2 of its levels.

You collected 25 gold pieces.

Inventory:

Missiles
 a - 2 curare-tipped darts (quivered)
Scrolls
 c - a scroll of identify
Potions
 d - a potion of brilliance
Comestibles
 b - 3 rations


   Skills:
 + Level 0.1 Fighting
 + Level 2.0 Dodging
 + Level 1.9 Stealth
 + Level 2.4 Spellcasting
 + Level 1.3 Conjurations
 + Level 3.5 Fire Magic


You had 5 spell levels left.
You knew the following spells:

 Your Spells              Type           Power        Failure   Level  Hunger
a - Foxfire               Conj/Fire      #...         8%          1    #......

Your spell library contained the following spells:

 Spells                   Type           Power        Failure   Level  Hunger
 Conjure Flame            Conj/Fire      #.......     24%         3    ###....
 Inner Flame              Hex/Fire       #.......     30%         3    ###....
 Sticky Flame             Conj/Fire      #.......     61%         4    #####..
 Fireball                 Conj/Fire      #.........   91%         5    ######.


Dungeon Overview and Level Annotations

Branches:
Dungeon (2/15)

Altars:


Innate Abilities, Weirdness & Mutations

Your plain brown scales are hard. (AC +5)
You cannot fit into any form of body armour.
You are cold-blooded and may be slowed by cold attacks.


Message History

You feel sick.
You climb downwards.
* * * LOW HITPOINT WARNING * * *
You feel very sick.
The hobgoblin throws a poisoned dart.
The poisoned dart hits you!
You are more poisoned.
There is a stone staircase leading up here.
You see here 3 poisoned darts.
You are too injured to fight recklessly!
You are too injured to fight recklessly!
You are too injured to fight recklessly!
You are too injured to fight recklessly!
You are too injured to fight recklessly!
You are too injured to fight recklessly!
Casting: Foxfire (safe; 8% risk of failure)
Confirm with . or Enter, or press ? or * to list all spells.
You conjure some foxfire!
* * * LOW HITPOINT WARNING * * *
You feel sick.
You die...

.........#.#.#
#.#
.........#.#.#
#.#
.........#.#.#
#.#
........##.#.#
#.#
...r.†.(.(.#.#
#.#
...g...(####
#.#
.......(..#
#.#
......v(#.#
......v@#.#
######### #


You could see a hobgoblin and a rat.

Vanquished Creatures
  An adder (D:2)
  A giant cockroach (D:1)
  3 goblins
  7 hobgoblins
  5 kobolds
  2 bats
  4 frilled lizards
  3 rats
26 creatures vanquished.

Vanquished Creatures (others)
  65 foxfires
65 creatures vanquished.

Grand Total: 91 creatures vanquished

Notes
Turn   | Place    | Note
-------+----------+-------------------------------------------
     0 | D:1      | hawla the Draconian Fire Elementalist began the quest for
                  | the Orb.
     0 | D:1      | Reached XP level 1. HP: 14/14 MP: 3/3
   654 | D:1      | Reached XP level 2. HP: 20/20 MP: 1/5
  1497 | D:2      | Reached XP level 3. HP: 6/26 MP: 0/6
  1898 | D:2      | HP: 1/26 [poisoned by a hobgoblin]
  1899 | D:2      | Succumbed to a hobgoblin's poison

Illustrated notes

Levels and vault maps discovered:
D:1:      dpeg_arrival_orchard, layout_loops_cross
D:2:      layout_basic

Skill      XL: |  1  2 |
---------------+-------+-----
Dodging        | 2 |  2.0
Fighting       | |  0.1
Stealth        | |  1.9
Spellcasting   | |  2.4
Conjurations   | |  1.3
Fire Magic     | |  3.5

Action                   || total
-------------------------++-------
Melee: Unarmed           ||    11
       Tailslap          ||     3
 Cast: Foxfire           ||    46
  Use: Scroll            ||     6
       Potion            ||     2
  Eat: Chunk             ||     3
Armor: Skin              ||    18
Dodge: Dodged            ||    46
